TOP OF THE 1ST |
West Virginia Power batting - Pitching for Dayton Dragons : LHP Ed Chavez
|
Pitching: LHP Ed Chavez
|
|
Batting: RHB Ron Corn
|
0-0: Called Strike 0-1: Ball 1-1: Ball 2-1: SINGLE (Groundball, 56D, EV 100.6 MPH)
|
Batting: LHB Micah Boshnjaku
|
0-0: Ball 1-0: Called Strike 1-1: Ball 2-1: Called Strike 2-2: Strikes out looking
|
Batting: SHB Francisco Gutierrez
|
0-0: Ball 1-0: Called Strike 1-1: Ball Ron Corn is caught stealing 2nd base 2-4 2-1: Ground out 5-3 (Groundball, 5, EV 106.9 MPH)
|
Top of the 1st over - 0 runs, 1 hit, 0 errors, 0 left on base; West Virginia 0 - Dayton 0 |
BOTTOM OF THE 1ST |
Dayton Dragons batting - Pitching for West Virginia Power : LHP Hideharu Omoto
|
Pitching: LHP Hideharu Omoto
|
|
Batting: RHB Bruno André
|
0-0: Ball 1-0: Swinging Strike 1-1: Called Strike 1-2: Ball 2-2: Strikes out swinging
|
Batting: RHB John Galluzzo
|
0-0: Ball 1-0: Foul Ball, location: 2F 1-1: Called Strike 1-2: Ground out 3-1 (Groundball, 34, EV 83.1 MPH)
|
Batting: LHB Chris Grunwald
|
0-0: Foul Ball, location: 2F 0-1: Ball 1-1: Ball 2-1: Foul Ball, location: 2F 2-2: Ball 3-2: Fly out, F2 (Popup, 23F, EV 76.2 MPH)
|
Bottom of the 1st over - 0 runs, 0 hits, 0 errors, 0 left on base; West Virginia 0 - Dayton 0 |
TOP OF THE 2ND |
West Virginia Power batting - Pitching for Dayton Dragons : LHP Ed Chavez
|
Batting: RHB Tom Primmer
|
0-0: Called Strike 0-1: Fly out, F8 (Flyball, 8LXD, EV 104.4 MPH)
|
Batting: SHB Brad Day
|
0-0: Ball 1-0: Ground out 5-3 (Groundball, 5S, EV 68.1 MPH)
|
Batting: RHB Ted Goldblatt
|
0-0: Foul Ball, location: 2F 0-1: Ball 1-1: Ground out 6-3 (Groundball, 6, EV 91.9 MPH)
|
Top of the 2nd over - 0 runs, 0 hits, 0 errors, 0 left on base; West Virginia 0 - Dayton 0 |
BOTTOM OF THE 2ND |
Dayton Dragons batting - Pitching for West Virginia Power : LHP Hideharu Omoto
|
Batting: LHB Leo Gomez
|
0-0: Called Strike 0-1: Ball 1-1: Fly out, F7 (Flyball, 78M, EV 90.0 MPH)
|
Batting: RHB Ben Hinman
|
0-0: Foul Ball, location: 2F 0-1: Called Strike 0-2: Strikes out swinging
|
Batting: RHB Jonathan Davis
|
0-0: Ball 1-0: Ball 2-0: Ground out 4-3 (Groundball, 4, EV 105.6 MPH)
|
Bottom of the 2nd over - 0 runs, 0 hits, 0 errors, 0 left on base; West Virginia 0 - Dayton 0 |
TOP OF THE 3RD |
West Virginia Power batting - Pitching for Dayton Dragons : LHP Ed Chavez
|
Batting: RHB Jose Lozano
|
0-0: Fly out, F7 (Flyball, 7, EV 95.0 MPH)
|
Batting: RHB John Beiswenger
|
0-0: Called Strike 0-1: Ground out 6-3 (Groundball, P, EV 81.2 MPH)
|
Batting: RHB Jesus Marquez
|
0-0: Ball 1-0: Called Strike 1-1: Called Strike 1-2: Ball 2-2: Ball 3-2: Strikes out looking
|
Top of the 3rd over - 0 runs, 0 hits, 0 errors, 0 left on base; West Virginia 0 - Dayton 0 |
BOTTOM OF THE 3RD |
Dayton Dragons batting - Pitching for West Virginia Power : LHP Hideharu Omoto
|
Batting: LHB Matt Kennedy
|
0-0: Foul Ball, location: 2F 0-1: Ball 1-1: Foul Ball, location: 2F 1-2: Ball 2-2: Foul Ball, location: 2F 2-2: Strikes out swinging
|
Batting: RHB Pat Grover
|
0-0: Foul Ball, location: 2F 0-1: Ball 1-1: Called Strike 1-2: Foul Ball, location: 2F 1-2: Ball 2-2: Ball 3-2: Strikes out looking
|
Batting: RHB Tim Walter
|
0-0: Foul Ball, location: 2F 0-1: Ball 1-1: Ball 2-1: Ball 3-1: Ground out 1-3 (Groundball, 15S, EV 66.2 MPH)
|
Bottom of the 3rd over - 0 runs, 0 hits, 0 errors, 0 left on base; West Virginia 0 - Dayton 0 |
TOP OF THE 4TH |
West Virginia Power batting - Pitching for Dayton Dragons : LHP Ed Chavez
|
Batting: RHB Ron Corn
|
0-0: Foul Ball, location: 2F 0-1: Ground out 6-3 (Groundball, 6, EV 91.2 MPH)
|
Batting: LHB Micah Boshnjaku
|
0-0: Ball 1-0: Swinging Strike 1-1: Called Strike 1-2: Ball 2-2: Strikes out swinging
|
Batting: SHB Francisco Gutierrez
|
0-0: Ball 1-0: Ball 2-0: Ground out 5-3 (Groundball, 56S, EV 91.2 MPH)
|
Top of the 4th over - 0 runs, 0 hits, 0 errors, 0 left on base; West Virginia 0 - Dayton 0 |
BOTTOM OF THE 4TH |
Dayton Dragons batting - Pitching for West Virginia Power : LHP Hideharu Omoto
|
Batting: RHB Bruno André
|
0-0: Called Strike 0-1: Called Strike 0-2: Foul Ball, location: 2F 0-2: Ball 1-2: Strikes out looking
|
Batting: RHB John Galluzzo
|
0-0: Ball 1-0: Foul Ball, location: 2F 1-1: Called Strike 1-2: Strikes out looking
|
Batting: LHB Chris Grunwald
|
0-0: Called Strike 0-1: Fly out, F7 (Flyball, 7, EV 83.1 MPH)
|
Bottom of the 4th over - 0 runs, 0 hits, 0 errors, 0 left on base; West Virginia 0 - Dayton 0 |
TOP OF THE 5TH |
West Virginia Power batting - Pitching for Dayton Dragons : LHP Ed Chavez
|
Batting: RHB Tom Primmer
|
0-0: Foul Ball, location: 2F 0-1: Foul Ball, location: 2F 0-2: Foul Ball, location: 2F 0-2: Ball 1-2: Ball 2-2: Ball 3-2: Strikes out looking
|
Batting: SHB Brad Day
|
0-0: SINGLE (Flyball, 89S, EV 94.4 MPH)
|
Batting: RHB Ted Goldblatt
|
0-0: Ball Brad Day steals 2nd base 1-0: Foul Ball, location: 2F 1-1: Ball 2-1: Foul Ball, location: 2F 2-2: Strikes out looking
|
Batting: RHB Jose Lozano
|
0-0: Called Strike 0-1: Foul Ball, location: 2F 0-2: Strikes out swinging
|
Top of the 5th over - 0 runs, 1 hit, 0 errors, 1 left on base; West Virginia 0 - Dayton 0 |
BOTTOM OF THE 5TH |
Dayton Dragons batting - Pitching for West Virginia Power : LHP Hideharu Omoto
|
Batting: LHB Leo Gomez
|
0-0: Ball 1-0: Called Strike 1-1: Foul Ball, location: 2F 1-2: Foul Ball, location: 2F 1-2: Foul Ball, location: 2F 1-2: SINGLE (Line Drive, 56, EV 97.5 MPH)
|
Batting: RHB Ben Hinman
|
0-0: Ball 1-0: Foul Ball, location: 2F 1-1: Called Strike 1-2: Ball 2-2: Foul Ball, location: 2F 2-2: Ball 3-2: Strikes out looking Leo Gomez is caught stealing 2nd base 2-4 Batter strikes out.
|
Batting: RHB Jonathan Davis
|
0-0: Ball 1-0: Ball 2-0: Swinging Strike 2-1: Fly out, F8 (Flyball, 8RD, EV 91.9 MPH)
|
Bottom of the 5th over - 0 runs, 1 hit, 0 errors, 0 left on base; West Virginia 0 - Dayton 0 |
TOP OF THE 6TH |
West Virginia Power batting - Pitching for Dayton Dragons : LHP Ed Chavez
|
Batting: RHB John Beiswenger
|
0-0: Called Strike 0-1: Foul Ball, location: 2F 0-2: Ball 1-2: Strikes out swinging
|
Batting: RHB Jesus Marquez
|
0-0: Ball 1-0: Foul Ball, location: 2F 1-1: Called Strike 1-2: Ball 2-2: Ball 3-2: Strikes out swinging
|
Batting: RHB Ron Corn
|
0-0: Ball 1-0: Ball 2-0: Foul Ball, location: 2F 2-1: Ball 3-1: Base on Balls
|
Batting: LHB Micah Boshnjaku
|
0-0: Ball Ron Corn is caught stealing 2nd base 2-6
|
Top of the 6th over - 0 runs, 0 hits, 0 errors, 0 left on base; West Virginia 0 - Dayton 0 |
BOTTOM OF THE 6TH |
Dayton Dragons batting - Pitching for West Virginia Power : LHP Hideharu Omoto
|
Batting: LHB Matt Kennedy
|
0-0: Called Strike 0-1: Ball 1-1: SINGLE (Groundball, 3S, EV 95.6 MPH)
|
Batting: RHB Pat Grover
|
0-0: Ball 1-0: Swinging Strike Matt Kennedy steals 2nd base 1-1: Ground out 4-3 (Groundball, 4D, EV 102.5 MPH) Matt Kennedy to third
|
Batting: RHB Tim Walter
|
0-0: Ball 1-0: Called Strike 1-1: SINGLE (Line Drive, 7LS, EV 93.8 MPH) Matt Kennedy scores
|
Batting: RHB Bruno André
|
0-0: Ball 1-0: Called Strike 1-1: Fly out, F8 (Flyball, 89D, EV 101.2 MPH)
|
Pitching: RHP Mike Rosen
|
|
Batting: RHB John Galluzzo
|
0-0: Called Strike 0-1: Ball 1-1: SINGLE (Line Drive, 56D, EV 95.6 MPH) Tim Walter to second Runner from 2nd tries for 3rd, OUT! 7-5
|
Bottom of the 6th over - 1 run, 3 hits, 0 errors, 1 left on base; West Virginia 0 - Dayton 1 |
TOP OF THE 7TH |
West Virginia Power batting - Pitching for Dayton Dragons : LHP Ed Chavez
|
Batting: LHB Micah Boshnjaku
|
0-0: Ball 1-0: Ball 2-0: Ball 3-0: Called Strike 3-1: Called Strike 3-2: Strikes out swinging
|
Batting: SHB Francisco Gutierrez
|
0-0: Foul Ball, location: 2F 0-1: Ground out 4-3 (Groundball, 4M, EV 103.1 MPH)
|
Batting: RHB Tom Primmer
|
0-0: Ball 1-0: Ball 2-0: Ball 3-0: Called Strike 3-1: Base on Balls
|
Batting: SHB Brad Day
|
0-0: Ground out 6-3 (Groundball, 6S, EV 84.4 MPH)
|
Top of the 7th over - 0 runs, 0 hits, 0 errors, 1 left on base; West Virginia 0 - Dayton 1 |
BOTTOM OF THE 7TH |
Dayton Dragons batting - Pitching for West Virginia Power : RHP Mike Rosen
|
Batting: LHB Chris Grunwald
|
0-0: Foul Ball, location: 2F 0-1: Ball 1-1: Fly out, F6 (Popup, 25, EV 88.1 MPH)
|
Batting: LHB Leo Gomez
|
0-0: Foul Ball, location: 2F 0-1: Foul Ball, location: 2F 0-2: Ball 1-2: Ball 2-2: Strikes out swinging
|
Batting: RHB Ben Hinman
|
0-0: Swinging Strike 0-1: Ball 1-1: Called Strike 1-2: Fly out, F9 (Flyball, 89XD, EV 106.2 MPH)
|
Bottom of the 7th over - 0 runs, 0 hits, 0 errors, 0 left on base; West Virginia 0 - Dayton 1 |
TOP OF THE 8TH |
West Virginia Power batting - Pitching for Dayton Dragons : LHP Ed Chavez
|
Batting: RHB Ted Goldblatt
|
0-0: Swinging Strike 0-1: Ball 1-1: Hit by Pitch
|
Batting: RHB Jose Lozano
|
0-0: Sac Bunt to 13 - play at first, batter OUT! 1-4 Ted Goldblatt to second
|
Batting: RHB John Beiswenger
|
0-0: Called Strike 0-1: Foul Ball, location: 2F 0-2: Foul Ball, location: 2F 0-2: Ball 1-2: Foul Ball, location: 2F 1-2: Ball 2-2: Ball 3-2: Base on Balls
|
Batting: RHB Jesus Marquez
|
0-0: Ball 1-0: Swinging Strike 1-1: Sac Bunt to 15 - play at third, runner OUT! 1-6 John Beiswenger to second
|
Pitching: LHP Tim Ketcham
|
|
Pinch Runner at 2nd Jordan Robinson:
|
|
Batting: RHB Ron Corn
|
0-0: Called Strike 0-1: Ball 1-1: Swinging Strike 1-2: Strikes out swinging
|
Top of the 8th over - 0 runs, 0 hits, 0 errors, 2 left on base; West Virginia 0 - Dayton 1 |
BOTTOM OF THE 8TH |
Dayton Dragons batting - Pitching for West Virginia Power : RHP Mike Rosen
|
Now at SS: Dennis Coppolino
|
|
Batting: RHB Jonathan Davis
|
0-0: Called Strike 0-1: Swinging Strike 0-2: Strikes out looking
|
Batting: LHB Matt Kennedy
|
0-0: Called Strike 0-1: Ground out 1-3 (Groundball, 15S, EV 61.2 MPH)
|
Batting: RHB Pat Grover
|
0-0: Ball 1-0: Ball 2-0: Called Strike 2-1: Foul Ball, location: 2F 2-2: Strikes out swinging
|
Bottom of the 8th over - 0 runs, 0 hits, 0 errors, 0 left on base; West Virginia 0 - Dayton 1 |
TOP OF THE 9TH |
West Virginia Power batting - Pitching for Dayton Dragons : LHP Tim Ketcham
|
Batting: LHB Micah Boshnjaku
|
0-0: Foul Ball, location: 2F 0-1: Foul Ball, location: 2F 0-2: Foul Ball, location: 2F 0-2: Strikes out swinging
|
Batting: SHB Francisco Gutierrez
|
0-0: Called Strike 0-1: Ball 1-1: Called Strike 1-2: Ball 2-2: Ground out 6-3 (Groundball, 56, EV 83.8 MPH)
|
Batting: RHB Tom Primmer
|
0-0: Called Strike 0-1: Ball 1-1: Ball 2-1: Ball 3-1: Called Strike 3-2: Strikes out swinging
|
Top of the 9th over - 0 runs, 0 hits, 0 errors, 0 left on base; West Virginia 0 - Dayton 1 |
|